 Dungeon Crawl Stone Soup version 0.30-a0-949-g53dc5368d7 (webtiles) character file.

Game seed: 661249762393551175

198 mopl the Magician (level 5, -11/35 HPs)
             Began as a Mummy Fire Elementalist on Mar 27, 2023.
             Mangled by Blork the orc
             ... wielding a +5 antimagic trident
              (12 damage)
             ... on level 4 of the Dungeon.
             The game lasted 00:03:37 (2188 turns).

mopl the Magician (Mummy Fire Elementalist)         Turns: 2188, Time: 00:03:38

Health: -11/35     AC:  4    Str: 13    XL:     5   Next: 47%
Magic:  1/10       EV: 12    Int: 16    God:
Gold:   172        SH:  0    Dex: 16    Spells: 5/11 levels left

rFire   x . .      SeeInvis .    h - +8 hammer of Ziuts {protect, rElec rC+ Str+2 Dex+3}
rCold   + + .      Faith    +    (no shield)
rNeg    + + +      Spirit   .    a - +0 robe
rPois   ∞          Reflect  .    (no helmet)
rElec   +          Rampage  .    i - +0 cloak
rCorr   .                        d - +0 pair of gloves
Will    .....                    (no boots)
Stlth   ++                       (no amulet)
HPRegen 0.25/turn                (no ring)
MPRegen 0.12/turn                (no ring)

@: no status effects
A: cold resistance 1, negative energy resistance 3, torment resistance 2, heat
vulnerability 1, in touch with death 1, no potions, faith
a: no special abilities


You were on level 4 of the Dungeon.
You visited 1 branch of the dungeon, and saw 4 of its levels.

You collected 172 gold pieces.

Inventory:

Hand Weapons
 f - a +0 heavy spear
 h - the +8 hammer of Ziuts (weapon) {protect, rElec rC+ Str+2 Dex+3}
   (You found it on level 2 of the Dungeon)

   Str:       It affects your strength (+2).
   Dex:       It affects your dexterity (+3).
   rC:        It protects you from cold.
   rElec:     It insulates you from electricity.
Armour
 a - a +0 robe (worn)
 d - a +0 pair of gloves (worn)
 i - a +0 cloak (worn)
Magical Staves
 e - a staff of death
 n - a staff of earth
Wands
 l - a wand of mindburst (4)
 o - a wand of paralysis (9)
Scrolls
 b - 3 scrolls of identify {unknown}
 c - a scroll of immolation {unknown}
 g - 2 scrolls of fog {unknown}
 j - 2 scrolls of teleportation {unknown}
 k - 2 scrolls of noise {unknown}
 m - 2 scrolls of magic mapping {unknown}


   Skills:
 - Level 1.5 Dodging
 - Level 1.5 Stealth
 + Level 3.7 Spellcasting
 * Level 2.5 Conjurations
 + Level 1.1 Translocations
 * Level 3.5 Fire Magic
 + Level 1.0 Air Magic


You had 5 spell levels left.
You knew the following spells:

 Your Spells              Type           Power      Damage    Failure   Level
a - Foxfire               Conj/Fire      48%        2x1d6     4%          1
b - Scorch                Fire           28%        2d6       6%          2
c - Kindle Blastsparks    Fire/Tloc/Air  18%        2d11      24%         3

Your spell library contained the following spells:

 Spells                   Type           Power      Damage    Failure   Level
 Kiss of Death            Conj/Necr      40%        2d8       11%         1
 Static Discharge         Conj/Air       16%        2-3/arc   13%         2
 Freeze                   Ice            8%         1d3       17%         1
 Inner Flame              Hex/Fire       8%         N/A       26%         3
 Hailstorm                Conj/Ice       7%         3d4       30%         3
 Vhi's Electric Charge    Tloc/Air       12%        N/A       34%         3
 Confusing Touch          Hex            2%         N/A       45%         3
 Frozen Ramparts          Ice            4%         1d1       45%         3
 Flame Wave               Conj/Fire      12%        2d6       45%         4
 Dispel Undead            Necr           4%         3d7       86%         4
 Plasma Beam              Fire/Air       5%         2x1d17    88%         5
 Arcjolt                  Conj/Air       4%         1d14      93%         5


Dungeon Overview and Level Annotations

Branches:
Dungeon (4/15)
 Temple: D:4-7

Altars:
Ru
Trog

Portals:
Ossuary: D:4

Annotations:
D:4 2 transporters, Blork the orc


Innate Abilities, Weirdness & Mutations

You are immune to poison.
Your flesh is cold resistant. (rC+)
You are immune to negative energy. (rN+++)
You are immune to unholy pain and torment.
You are vulnerable to heat. (rF-)
You are in touch with the powers of death.
You do not drink.
You have a special connection with the divine. (Faith)


Message History

Aim: Blork the orc, wielding a +5 antimagic trident and wearing a +1 robe of willpower (moderately wounded, more vulnerable to fire, chance to affect: 29%)
Okay, then.
Aiming: Paralyse
Press: ? - help, Shift-Dir - straight line, f - Blork the orc
Aim: Blork the orc, wielding a +5 antimagic trident and wearing a +1 robe of willpower (moderately wounded, more vulnerable to fire, chance to affect: 17%) Blork the orc resists with almost no effort.
Blork the orc jeers loudly, in orcish tradition.
Blork the orc hits you from afar with a +5 antimagic trident.
Aiming: Mindburst
Press: ? - help, Shift-Dir - straight line, f/p - Blork the orc
Aim: Blork the orc, wielding a +5 antimagic trident and wearing a +1 robe of willpower (moderately wounded, more vulnerable to fire, chance to affect: 29%) Blork the orc easily resists.
Blork the orc hits you from afar with a +5 antimagic trident!
Unknown command.
Aiming: Mindburst
Press: ? - help, Shift-Dir - straight line, f/p - Blork the orc
Aim: Blork the orc, wielding a +5 antimagic trident and wearing a +1 robe of willpower (moderately wounded, more vulnerable to fire, chance to affect: 29%) Blork the orc's mind is blasted!
Blork the orc mumbles some strange words.
Blork the orc seems to speed up.
Aiming: Mindburst
Press: ? - help, Shift-Dir - straight line, f/p - Blork the orc
Aim: Blork the orc, wielding a +5 antimagic trident and wearing a +1 robe of willpower (almost dead, fast, more vulnerable to fire, chance to affect: 29%) Blork the orc easily resists.
Blork the orc gestures at you while chanting.
The magic dart hits you.
Aiming: Mindburst
Press: ? - help, Shift-Dir - straight line, f/p - Blork the orc
Aim: Blork the orc, wielding a +5 antimagic trident and wearing a +1 robe of willpower (almost dead, fast, more vulnerable to fire, chance to affect: 29%) Blork the orc easily resists.
Blork the orc miscasts a cantrip.
Blork the orc gestures at you while chanting.
The puff of flame hits you! The fire burns you terribly!
* * * LOW HITPOINT WARNING * * *
Aiming: Mindburst
Press: ? - help, Shift-Dir - straight line, f/p - Blork the orc
Aim: Blork the orc, wielding a +5 antimagic trident and wearing a +1 robe of willpower (almost dead, fast, more vulnerable to fire, chance to affect: 29%) Blork the orc easily resists.
Blork the orc hits you from afar with a +5 antimagic trident!
You die...

....(....#
#.........#
..........#
#.#.........#
.......)....
........?.o##
.∩..........#
..........@.#
............#
#.........#
#.........#
##.......########
#........!.....#
#..#####........#
#.#
#........######
#..
#..............


You could see Blork the orc (fast, combustible).

Vanquished Creatures
  Crazy Yiuf (D:2)
  Ijyb (D:3)
  Terence (D:2)
  6 adders
  2 worms
  3 dart slugs
  An orc (D:4)
  6 ball pythons
  4 bats
  5 endoplasms
  3 giant cockroaches
  4 goblins
  4 hobgoblins
  2 jackals (D:1)
  A quokka (D:1)
  A frilled lizard (D:1)
  4 kobolds
  3 rats
52 creatures vanquished.

Vanquished Creatures (others)
  27 foxfires
27 creatures vanquished.

Grand Total: 79 creatures vanquished

Notes
Turn   | Place    | Note
-------+----------+-------------------------------------------
     0 | D:1      | mopl the Mummy Fire Elementalist began the quest for the
                  | Orb.
     0 | D:1      | Reached XP level 1. HP: 13/13 MP: 4/4
    89 | D:1      | Reached skill level 1 in Conjurations
   240 | D:1      | Reached XP level 2. HP: 18/19 MP: 1/5
   357 | D:1      | Reached skill level 3 in Spellcasting
   372 | D:1      | Learned a level 2 spell: Scorch
   756 | D:2      | Gained mutation: You are in touch with the powers of death.
                  | [Mummy growth]
   756 | D:2      | Reached XP level 3. HP: 24/24 MP: 2/7
   760 | D:2      | Learned a level 3 spell: Kindle Blastsparks
   991 | D:2      | Reached skill level 3 in Fire Magic
  1161 | D:2      | Found a runed translucent door.
  1161 | D:2      | Identified the +8 hammer of Ziuts {protect, rElec rC+ Str+2
                  | Dex+3}
  1162 | D:2      | Noticed Crazy Yiuf
  1178 | D:2      | Killed Crazy Yiuf
  1179 | D:2      | Reached skill level 2 in Conjurations
  1179 | D:2      | Reached XP level 4. HP: 11/30 MP: 8/8
  1341 | D:2      | Found a faded altar of an unknown god.
  1341 | D:2      | Noticed Terence
  1349 | D:2      | Killed Terence
  1532 | D:3      | Noticed Ijyb
  1555 | D:3      | Killed Ijyb
  1558 | D:3      | Reached XP level 5. HP: 13/35 MP: 1/10
  1662 | D:3      | Found a bloodstained altar of Trog.
  1907 | D:3      | Reached skill level 1 in Translocations
  2119 | D:4      | Found a sacrificial altar of Ru.
  2125 | D:4      | Reached skill level 1 in Air Magic
  2130 | D:4      | Found a transporter.
  2140 | D:4      | Found a transporter.
  2175 | D:4      | Found a sand-covered staircase.
  2175 | D:4      | Noticed Blork the orc
  2187 | D:4      | HP: 1/35 [Blork the orc/puff of flame (13)]
  2188 | D:4      | Mangled by Blork the orc

Illustrated notes

Levels and vault maps discovered:
D:1:      dpeg_arrival_houses_and_road, layout_basic, serial_aquarium,
          aquarium_bridge_straight [aquarium_subvault_bridge,
          aquarium_subvault_wall, aquarium_subvault_bridge,
          aquarium_subvault_wall], aquarium_bridge_square
          [aquarium_subvault_balcony, aquarium_subvault_wall,
          aquarium_subvault_bridge, aquarium_subvault_bridge],
          aquarium_window_fake, aquarium_window_corner, aquarium_window_corner,
          aquarium_view_2b, aquarium_balcony_double_2, aquarium_pool_1,
          minmay_hexomino_p4
D:2:      layout_loops_ring, shapermc_ecumenical_altar_notcrosses, uniq_terence,
          uniq_crazy_yiuf_cottage
D:3:      layout_basic, mainiacjoe_overflow_six_doors_small, uniq_ijyb
D:4:      layout_rooms, gammafunk_temple_overflow_arena,
          mainiacjoe_overflow_brackets, enter_ossuary_1, uniq_blork_the_orc,
          uniq_robin, uniq_natasha, uniq_edmund

Skill      XL: |  1  2  3  4  5 |
---------------+----------------+-----
Conjurations   | 1 2 |  2.5
Spellcasting   | 3 |  3.7
Fire Magic     | 3 |  3.5
Translocations | 1 |  1.1
Air Magic      | 1 |  1.0
Dodging        | |  1.5
Stealth        | |  1.5

Action                     |  1- 3 |  4- 6 || total
---------------------------+-------+-------++-------
  Melee: Unarmed           |    35 |       ||    35
         Spear             |    16 |       ||    16
         Mace              |     5 |    31 ||    36
   Cast: Foxfire           |    18 |     1 ||    19
         Scorch            |     9 |    31 ||    40
  Evoke: Wand              |       |     6 ||     6
   Stab: Sleeping          |     1 |     1 ||     2
 Armour: Robe              |    13 |    14 ||    27
  Dodge: Dodged            |    32 |    25 ||    57

Table legend: (Time is in decaauts)
 A = Elapsed time spent in this place.
 B = Non-inter-level travel time spent in this place.
 C = Inter-level travel time spent in this place.
 D = Time resting spent in this place.
 E = Time spent auto-exploring this place.
 F = Levels seen in this place.
 G = Mean time per level.
                   A        B        C        D        E       F      G
               +--------+--------+--------+--------+--------+-----+--------+
         Total |   2205 |   2097 |    108 |    206 |   1412 |   4 |  551.2 |
       Dungeon |   2205 |   2097 |    108 |    206 |   1412 |   4 |  551.2 |
               +--------+--------+--------+--------+--------+-----+--------+

Top non-repeatable levels by time:
     D:1: 751 daAuts
     D:2: 736 daAuts
     D:3: 596 daAuts
     D:4: 121 daAuts
